 Dungeon Sprint DCSS version 0.29-a0-384-g6960b1960d (webtiles) character file.

Game seed: 12242306625662338507

4467 mhtbhm the Cleaver (level 10, -10/77 (94) HPs)
             Began as a Minotaur Fighter on May 7, 2022.
             Was the Champion of Qazlal.
             Killed from afar by an eidolon (12 damage)
             ... with a bolt of negative energy
             ... in the Dungeon (Sprint VII: "The Pits").
             The game lasted 00:02:42 (1464 turns).

mhtbhm the Cleaver (Minotaur Fighter)               Turns: 1464, Time: 00:02:43

HP:   -10/77 (94)   AC: 26    Str: 22    XL:     10   Next: 15%
MP:   13/13         EV:  7    Int:  5    God:    Qazlal [******]
Gold: 0             SH: 20    Dex: 11    Spells: 9/9 levels left

rFire   . . .      SeeInvis .   a - +1 broad axe (vorpal)
rCold   . . .      Faith    .   c - +0 kite shield
rNeg    . . .      Spirit   .   b - +3 plate armour
rPois   .          Reflect  .   (helmet restricted)
rElec   .          Harm     .   (no cloak)
rCorr   .          Rampage  .   (no gloves)
Will    .....      NoTele   +   r - +0 pair of boots
Stlth   ..........              (no amulet)
HPRegen 0.22/turn               n - +3 ring of protection
MPRegen 0.13/turn               o - +3 ring of protection

@: heavily drained, repel missiles
A: horns 2, retaliatory headbutt, low MP 2, weak 1
a: Renounce Religion, Upheaval, Elemental Force, Disaster Area


You were in the Dungeon.
You worshipped Qazlal.
Qazlal was exalted by your worship.
You visited 1 branch

Inventory:

Hand Weapons
 a - a +1 vorpal broad axe (weapon)
Armour
 b - a +3 plate armour (worn)
 c - a +0 kite shield (worn)
 r - a +0 pair of boots (worn)
Jewellery
 n - a +3 ring of protection (left hand)
 o - a +3 ring of protection (right hand)
Scrolls
 j - a scroll of blinking
 l - 5 scrolls of amnesia
 m - a scroll of summoning
Potions
 d - 2 potions of might
 e - 9 potions of curing
 f - 7 potions of heal wounds
 g - a potion of haste
 h - 4 potions of magic
 i - 2 potions of berserk rage
 k - 2 potions of invisibility
 p - a potion of brilliance
 q - 2 potions of mutation


   Skills:
 + Level 10.8 Fighting
 + Level 14.6 Axes
 + Level 13.7 Armour
 + Level 2.6 Dodging
 + Level 13.8 Shields
 * Level 10.6 Invocations


You had 9 spell levels left.
You didn't know any spells.
Your spell library was empty.

Dungeon Overview and Level Annotations

Branches:
Dungeon (1/1)

Altars:
Ashenzari
Cheibriados
Dithmenos
Elyvilon
Fedhas
Gozag
Hepliaklqana
Kikubaaqudgha
Makhleb
Nemelex Xobeh
Okawaru
Qazlal
Ru
Sif Muna
Trog
Uskayaw
Vehumet
Wu Jian
Xom
Yredelemnul
Zin
The Shining One
Beogh
Jiyva
Lugonu


Innate Abilities, Weirdness & Mutations

You have a pair of horns on your head.
You reflexively headbutt those who attack you in melee.
Your magical capacity is very low. (-20% MP)
You are weak. (Str -2)


Message History

You hit the jackal. You headbutt the jackal.
You kill the jackal!
Qazlal accepts your kill. The eidolon stares piercingly at you.
The bolt of negative energy hits you!
You feel drained.
You see here a jackal corpse.
The eidolon hits you but does no damage. x2
You hit the eidolon but do no damage. You headbutt the eidolon!
The eidolon is lightly damaged.
You slash the jackal!
You kill the jackal!
Qazlal accepts your kill.
You miss the jackal. You block the eidolon's attack.
The eidolon hits you but does no damage.
You block the jackal's attack.
You slash the eidolon!
The eidolon is moderately damaged.
You closely miss the jackal. You block the jackal's attack.
The eidolon stares piercingly at you. The bolt of negative energy hits you!!
You feel drained.
Unknown command.
You barely miss the eidolon.
The eidolon is moderately damaged.
You hit the jackal.
You kill the jackal!
Qazlal accepts your kill. You block the eidolon's attack. x2
Unknown command.
You hit the eidolon.
The eidolon is moderately damaged.
The eidolon stares piercingly at you. The bolt of negative energy hits you!!!
You feel drained.
Ouch! That really hurt!
* * * LOW HITPOINT WARNING * * *
You slash the eidolon! Your headbutt misses the eidolon.
The eidolon is heavily damaged.
The eidolon is engulfed in blazing flames.
The eidolon stares piercingly at you. The bolt of negative energy hits you!
You feel drained.
You die...

########################
†...............°§......
...............†@W......
#############++#########


You could see an eidolon.

Vanquished Creatures
  An anaconda (D)
  A death yak (D)
  A vampire mage (D)
  A lindwurm (D)
  A demonic crawler (D)
  A shadow (D)
  A wyvern (D)
  A neqoxec (D)
  A warg (D)
  A gnoll sergeant (D)
  A scorpion (D)
  2 crimson imps (D)
  A gnoll shaman (D)
  An iguana (D)
  9 gnolls (D)
  3 river rats (D)
  2 white imps (D)
  An ufetubus (D)
  A worm (D)
  An orc (D)
  A giant cockroach (D)
  A hobgoblin (D)
  3 jackals (D)
  A quokka (D)
  2 ball python zombies (D)
  A quokka skeleton (D)
  A rat (D)
42 creatures vanquished.

Vanquished Creatures (collateral kills)
  2 death yaks (D)
  A bat zombie (D)
3 creatures vanquished.

Grand Total: 45 creatures vanquished

Notes
Turn   | Place    | Note
-------+----------+-------------------------------------------
     0 | D        | mhtbhm the Minotaur Fighter began the quest for the Orb.
     0 | D        | Reached XP level 1. HP: 19/19 MP: 0/0
    18 | D        | Reached XP level 2. HP: 22/28 MP: 1/1
    22 | D        | Found a bloodstained altar of Trog.
    22 | D        | Found a shimmering blue altar of Sif Muna.
    22 | D        | Found a viscous altar of Jiyva.
    22 | D        | Found a hazy altar of Hepliaklqana.
    22 | D        | Found an opulent altar of Gozag.
    23 | D        | Found a glowing golden altar of the Shining One.
    23 | D        | Found a glowing silver altar of Zin.
    23 | D        | Found a basalt altar of Yredelemnul.
    23 | D        | Found a shimmering altar of Xom.
    23 | D        | Found an ornate altar of the Wu Jian Council.
    23 | D        | Found a sacrificial altar of Ru.
    23 | D        | Found a stormy altar of Qazlal.
    23 | D        | Found an iron altar of Okawaru.
    23 | D        | Found a sparkling altar of Nemelex Xobeh.
    23 | D        | Found a burning altar of Makhleb.
    23 | D        | Found a blossoming altar of Fedhas.
    23 | D        | Found a white marble altar of Elyvilon.
    23 | D        | Found a shadowy altar of Dithmenos.
    23 | D        | Found a snail-covered altar of Cheibriados.
    25 | D        | Found a radiant altar of Vehumet.
    25 | D        | Found a corrupted altar of Lugonu.
    26 | D        | Found a hide-covered altar of Uskayaw.
    26 | D        | Found an ancient bone altar of Kikubaaqudgha.
    26 | D        | Found a broken altar of Ashenzari.
    32 | D        | Became a worshipper of Qazlal Stormbringer
    76 | D        | Noticed a scorpion
    80 | D        | Killed a scorpion
    80 | D        | Reached * piety under Qazlal
    81 | D        | Reached skill level 3 in Axes
    81 | D        | Reached skill level 5 in Armour
    81 | D        | Reached skill level 5 in Shields
    81 | D        | Reached XP level 3. HP: 19/37 MP: 1/3
    81 | D        | Reached XP level 4. HP: 23/44 MP: 1/4
   367 | D        | Reached ** piety under Qazlal
   369 | D        | Reached skill level 4 in Axes
   432 | D        | Noticed a gnoll sergeant
   442 | D        | Reached *** piety under Qazlal
   446 | D        | Reached XP level 5. HP: 35/51 MP: 6/6
   450 | D        | Reached **** piety under Qazlal
   451 | D        | Reached skill level 5 in Axes
   454 | D        | Reached skill level 1 in Dodging
   461 | D        | Reached ***** piety under Qazlal
   462 | D        | Reached skill level 6 in Axes
   470 | D        | Reached skill level 5 in Invocations
   470 | D        | Reached XP level 6. HP: 27/61 MP: 8/8
   647 | D        | Noticed a wyvern
   652 | D        | Killed a wyvern
   653 | D        | Reached skill level 7 in Axes
   664 | D        | Reached XP level 7. HP: 68/68 MP: 10/10
   665 | D        | Reached ****** piety under Qazlal
   673 | D        | Noticed a death yak
   673 | D        | Noticed a death yak
   673 | D        | Noticed a death yak
   673 | D        | Noticed a vampire mage
   689 | D        | Killed a death yak
   690 | D        | Reached skill level 9 in Axes
   690 | D        | Reached skill level 10 in Shields
   690 | D        | Reached XP level 8. HP: 49/77 MP: 10/12
   690 | D        | Killed a vampire mage
   691 | D        | Reached skill level 11 in Axes
   692 | D        | Killed a death yak
   693 | D        | Reached skill level 12 in Axes
   693 | D        | Reached XP level 9. HP: 15/85 MP: 5/14
   693 | D        | Killed a death yak
   694 | D        | Reached skill level 10 in Fighting
   694 | D        | Reached skill level 13 in Axes
  1019 | D        | Noticed a demonic crawler
  1027 | D        | Killed a demonic crawler
  1043 | D        | Noticed a lindwurm
  1101 | D        | Gained mutation: You are weak. (Str -2) [a neqoxec]
  1106 | D        | Gained mutation: Your magical capacity is low. (-10% MP) [a
                  | neqoxec]
  1107 | D        | Gained mutation: Your magical capacity is very low. (-20%
                  | MP) [a neqoxec]
  1109 | D        | Reached skill level 10 in Invocations
  1109 | D        | Killed a lindwurm
  1412 | D        | Noticed an anaconda
  1424 | D        | Reached skill level 14 in Axes
  1424 | D        | Reached XP level 10. HP: 90/94 MP: 13/13
  1427 | D        | Killed an anaconda
  1455 | D        | Noticed an eidolon
  1463 | D        | HP: 2/80 [eidolon/bolt of negative energy (42)]
  1464 | D        | Killed from afar by an eidolon

Illustrated notes

Levels and vault maps discovered:
D:        pitsprint [storerooms_1, entrance_room_1, metal_vault_1, armoury_1,
          mini_pit_1, grid_room_1, main_hall_1, silver_pit, the_coven_3,
          the_vestibule_1, steel_vault_3, golden_pit, hallway_of_sentries,
          crystal_vault_2, iron_vault_1, final_vault]

Skill      XL: |  1  2  3  4  5  6  7  8  9 |
---------------+----------------------------+-----
Fighting       | 4 6 7 8 9 10 | 10.8
Armour         | 4 5 7 8 9 11 12 13 | 13.7
Shields        | 4 5 6 7 9 10 11 13 | 13.8
Axes           | 3 4 6 7 9 12 14 | 14.6
Invocations    | 2 3 5 6 7 9 10 | 10.6
Dodging        | 1 2 |  2.6

Action                   |  1- 3 |  4- 6 |  7- 9 | 10-12 || total
-------------------------+-------+-------+-------+-------++-------
Melee: War axe           |     3 |       |       |       ||     3
       Hand axe          |     6 |    62 |    18 |       ||    86
       Headbutt          |     1 |    10 |    11 |     3 ||    25
       Broad axe         |       |       |    23 |    10 ||    33
Invok: Elemental Force   |       |       |     1 |       ||     1
  Use: Potion            |       |     2 |     2 |       ||     4
Armor: Scale mail        |     2 |     6 |       |       ||     8
       Plate armour      |       |    37 |    25 |     4 ||    66
Dodge: Dodged            |     2 |    23 |    11 |     1 ||    37
       Repelled          |       |     1 |       |       ||     1
Block: Buckler           |     2 |    43 |       |       ||    45
       Kite shield       |       |    13 |    53 |     8 ||    74

Table legend: (Time is in decaauts)
 A = Elapsed time spent in this place.
 B = Non-inter-level travel time spent in this place.
 C = Inter-level travel time spent in this place.
 D = Time resting spent in this place.
 E = Time spent auto-exploring this place.
 F = Levels seen in this place.
 G = Mean time per level.
                   A        B        C        D        E       F      G
               +--------+--------+--------+--------+--------+-----+--------+
         Total |   1475 |   1475 |      0 |    957 |     23 |   1 | 1475.0 |
       Dungeon |   1475 |   1475 |      0 |    957 |     23 |   1 | 1475.0 |
               +--------+--------+--------+--------+--------+-----+--------+

Top non-repeatable levels by time:
       D: 1475 daAuts
